 Dungeon Crawl Stone Soup version 0.31-a0-1-g4198be8af4 (webtiles) character file.

Game seed: 2109505900080848234

372 Pimp the Covered (level 6, -6/39 HPs)
             Began as a Tengu Fighter on May 1, 2023.
             Mangled by an ogre
             ... wielding a +0 giant club
              (10 damage)
             ... on level 4 of the Dungeon.
             The game lasted 00:05:08 (2410 turns).

Pimp the Covered (Tengu Fighter)                    Turns: 2410, Time: 00:05:08

Health: -6/39      AC:  9    Str: 19    XL:     6   Next: 71%
Magic:  7/7        EV:  9    Int:  8    God:
Gold:   121        SH:  5    Dex: 13    Spells: 5/5 levels left

rFire   . . .        a - +1 war axe
rCold   . . .        c - +0 buckler
rNeg    . . .        e - +0 chain mail
rPois   .            (helmet restricted)
rElec   .            (no cloak)
rCorr   .            (no gloves)
SInv    .            (boots unavailable)
Will    .....        t - amulet of regeneration Stlth
                     (no ring)
HPRegen 1.06/turn    (no ring)
MPRegen 0.10/turn

%: no passive effects
@: flying quickly and evasively, studying Maces & Flails, quick
A: beak, talons 3, nimble flight
a: no special abilities


You were on level 4 of the Dungeon.
You visited 1 branch of the dungeon, and saw 4 of its levels.

You collected 121 gold pieces.

Inventory:

Hand Weapons
 a - a +1 war axe (weapon)
Armour
 b - a +0 scale mail
 c - a +0 buckler (worn)
 e - a +0 chain mail (worn)
Jewellery
 j - an amulet of magic regeneration
 t - an amulet of regeneration (around neck)
Scrolls
 f - 3 scrolls of amnesia
 g - 4 scrolls of identify
 n - 2 scrolls of fear
 q - 3 scrolls of teleportation
Potions
 d - a potion of might
 h - a potion of brilliance {unknown}
 i - a potion of cancellation {unknown}
 k - a potion of magic {unknown}
 l - a potion of resistance {unknown}
 m - a potion of attraction
 p - a potion of mutation {unknown}
 s - 2 potions of curing {unknown}


   Skills:
 + Level 4.4 Fighting
 + Level 4.1 Axes
 + Level 4.9 Armour
 + Level 4.4 Shields


You had 5 spell levels left.
You didn't know any spells.
Your spell library contained the following spells:

 Spells                   Type           Power      Damage    Failure   Level
 Sublimation of Blood     Necr           0%         N/A       99%         2
 Wereblood                Tmut           0%         N/A       99%         2
 Summon Hydra             Summ           0%         N/A       100%        7


Dungeon Overview and Level Annotations

Branches:
Dungeon (4/15)
 Temple: D:4-7

Altars:
Kikubaaqudgha

Shops:
D:4 *

Annotations:
D:4 1 transporter


Innate Abilities, Weirdness & Mutations

You have a beak for a mouth.
You have claws for feet.
Your magical nature lets you fly swiftly and evasively.


Message History

You barely miss the adder. You slash the howler monkey!
You block the howler monkey's attack. The adder bites you.
The howler monkey barely misses you. The adder bites you but does no damage.
You hit the adder. Your kick misses the adder.
The adder is moderately wounded.
You hit the howler monkey.
You kill the howler monkey!
An ogre comes into view. It is wielding a +0 giant club.
You block the adder's attack.
You barely miss the adder. Your kick misses the adder.
The adder is moderately wounded.
The adder bites you but does no damage.
A ball python comes into view.
The adder bites you but does no damage.
You closely miss the adder.
The ball python hisses angrily.
You claw the adder. Your peck misses the adder.
The adder is severely wounded.
You block the adder's attack. x2
You hit the adder.
You kill the adder!
The ogre closely misses you.
You see here an adder corpse.
The ogre closely misses you.
You hit the ogre. Your peck misses the ogre.
The ogre is moderately wounded.
You hit the ball python.
You kill the ball python!
The ogre hits you with a +0 giant club!
You barely miss the ogre. Your kick misses the ogre. You peck the ogre.
The ogre is moderately wounded.
You slash the ogre!
The ogre is severely wounded.
The ogre hits you with a +0 giant club!!
Ouch! That really hurt!
* * * LOW HITPOINT WARNING * * *
You hit the ogre. Your peck misses the ogre.
The ogre is almost dead.
The ogre hits you with a +0 giant club!
You die...

#...............#.# #.........
#.........#####...######.#######.
#.........# #.#................
#......)..# #'########.#..#.#..
#.........# #..#.......#..#.#<.
#.........# #..##...........#..
..........# #.)########.###.#..
..........# #))# #.# #)#..
...##.##### ##.@## #.# #.#..
...##.# #8O†8# #.# #.#.# ......#
#..'......'..# #.###.#.. ..#...##
#..#..##..#..# #.....#.. ..###..#
#. ### ### .# #######.. .## ##.#
# .# #.. ## #.# # #.. ######.#
#.. .....†.# #####..


You could see an ogre.

Vanquished Creatures
  A centaur (D:4)
  A howler monkey (D:4)
  2 iguanas (D:4)
  Natasha (D:3)
  Terence (D:3)
  4 gnolls (D:4)
  5 adders
  A worm (D:3)
  A dart slug (D:1)
  5 ball pythons
  7 endoplasms
  4 giant cockroaches
  6 goblins
  4 hobgoblins
  7 jackals (D:1)
  4 quokkas (D:1)
  7 bats
  2 frilled lizards (D:1)
  7 kobolds
  8 rats
  2 bushes (D:2)
80 creatures vanquished.

Vanquished Creatures (others)
  7 plants (D:2)
7 creatures vanquished.

Grand Total: 87 creatures vanquished

Notes
Turn   | Place    | Note
-------+----------+-------------------------------------------
     0 | D:1      | Pimp the Tengu Fighter began the quest for the Orb.
     0 | D:1      | Reached XP level 1. HP: 14/14 MP: 2/2
   133 | D:1      | Reached XP level 2. HP: 17/19 MP: 3/3
   313 | D:1      | Reached XP level 3. HP: 23/23 MP: 4/4
   766 | D:2      | Found a faded altar of an unknown god.
  1507 | D:3      | Reached XP level 4. HP: 26/28 MP: 5/5
  1614 | D:3      | Noticed Terence
  1622 | D:3      | Killed Terence
  1639 | D:3      | Found an ancient bone altar of Kikubaaqudgha.
  1682 | D:3      | Noticed Natasha
  1689 | D:3      | Killed Natasha
  1707 | D:3      | Gained mutation: Your magical nature lets you fly swiftly
                  | and evasively. [Tengu growth]
  1707 | D:3      | Reached XP level 5. HP: 33/33 MP: 6/6
  1893 | D:4      | Found a transporter.
  1894 | D:4      | Found Yneibog's Assorted Antiques.
  2039 | D:4      | Reached XP level 6. HP: 30/38 MP: 7/7
  2346 | D:4      | Identified the +8 trident of the Hall of Blades {drain,
                  | rElec}
  2410 | D:4      | Mangled by an ogre

Illustrated notes

Levels and vault maps discovered:
D:1:      psy_arrival_basics, layout_basic
D:2:      layout_rooms, ebering_ecumenical_altar_sacrificial,
          lexackson_kobold_supper
D:3:      layout_rooms, mainiacjoe_overflow_cross_hatched, wad_rectangle_vault,
          uniq_terence, uniq_natasha
D:4:      minmay_chambers_of_twos, layout_basic, serial_shops,
          nicolae_shop_drivethru

Skill      XL: |  1  2  3  4  5  6 |
---------------+-------------------+-----
Axes           | 3 4 |  4.1
Armour         | 4 |  4.9
Fighting       | 4 |  4.4
Shields        | 4 |  4.4

Action                     |  1- 3 |  4- 6 || total
---------------------------+-------+-------++-------
  Melee: War axe           |   213 |    92 ||   305
         Peck              |    58 |    13 ||    71
         Kick              |    94 |    16 ||   110
    Use: Scroll            |       |    11 ||    11
 Armour: Chain mail        |    60 |    68 ||   128
         Scale mail        |     2 |       ||     2
  Dodge: Dodged            |    33 |    50 ||    83
  Block: Buckler           |    18 |    24 ||    42

Table legend: (Time is in decaauts)
 A = Elapsed time spent in this place.
 B = Non-inter-level travel time spent in this place.
 C = Inter-level travel time spent in this place.
 D = Time resting spent in this place.
 E = Time spent auto-exploring this place.
 F = Levels seen in this place.
 G = Mean time per level.
                   A        B        C        D        E       F      G
               +--------+--------+--------+--------+--------+-----+--------+
         Total |   2467 |   2389 |     78 |     41 |   1579 |   4 |  616.8 |
       Dungeon |   2467 |   2389 |     78 |     41 |   1579 |   4 |  616.8 |
               +--------+--------+--------+--------+--------+-----+--------+

Top non-repeatable levels by time:
     D:1: 757 daAuts
     D:2: 694 daAuts
     D:3: 523 daAuts
     D:4: 492 daAuts
